 Dungeon Crawl Stone Soup version 0.28.0 (webtiles) character file.

Game seed: 4734317793651284005

51 KamiKatze the Skirmisher (level 3, 0/20 HPs)
             Began as a Vine Stalker Fighter on Feb 10, 2022.
             Succumbed to an adder's poison
             ... on level 2 of the Dungeon.
             The game lasted 00:05:25 (1028 turns).

KamiKatze the Skirmisher (Vine Stalker Fighter)     Turns: 1028, Time: 00:05:25

Health: 0/20       AC:  5    Str: 20    XL:     3   Next: 83%
Magic:  1/4        EV: 10    Int:  8    God:
Gold:   97         SH:  4    Dex: 13    Spells: 2/2 levels left

rFire   . . .      SeeInvis .   a - +0 rapier
rCold   . . .      Faith    .   c - +0 buckler
rNeg    . . .      Spirit   +   e - +0 ring mail
rPois   .          Reflect  .   (no helmet)
rElec   .          Harm     .   (no cloak)
rCorr   .          Rampage  .   (no gloves)
Will    .....                   (no boots)
Stlth   +.........              (no amulet)
HPRegen 0.06/turn               (no ring)
MPRegen 0.09/turn               (no ring)

@: mighty, lethally poisoned (0 -> -1)
A: fangs 2, magic shield, antimagic bite, no potion heal 2
a: no special abilities


You were on level 2 of the Dungeon.
You visited 1 branch of the dungeon, and saw 2 of its levels.

You collected 97 gold pieces.

Inventory:

Hand Weapons
 a - a +0 rapier (weapon)
Missiles
 g - 47 stones (quivered)
Armour
 b - a +0 scale mail
 c - a +0 buckler (worn)
 e - a +0 ring mail (worn)
Scrolls
 h - a scroll of enchant armour {unknown}
 i - a scroll of fear {unknown}
 j - 2 scrolls of identify {unknown}
Potions
 f - 2 potions of heal wounds {unknown}
 k - a potion of magic {unknown}


   Skills:
 + Level 3.1 Fighting
 * Level 2.8 Short Blades
 - Level 2.4 Armour
 + Level 3.1 Shields


You had 2 spell levels left.
You didn't know any spells.
Your spell library contained the following spells:

 Spells                   Type           Power      Damage    Failure   Level
 Dazzling Flash           Conj/Hex       0%         N/A       96%         3
 Iskenderun's Mystic Bla  Conj/Tloc      0%         2d3       100%        4
 Starburst                Conj/Fire      0%         6d3       100%        6


Dungeon Overview and Level Annotations

Branches:
Dungeon (2/15)

Altars:


Innate Abilities, Weirdness & Mutations

You have extremely sharp teeth.
When hurt, damage is shared between your health and your magic reserves.
Your bite disrupts and absorbs the magic of your enemies.
Potions cannot restore your health.


Message History

The adder poisons you! The adder bites you.
You hit the adder.
The adder is heavily wounded.
You feel sick. The adder bites you.
You are too injured to fight recklessly!
You are too injured to fight recklessly!
You puncture the adder!
You kill the adder!
You feel sick. You block the adder's attack.
You hit the adder.
The adder is moderately wounded.
You feel sick. The adder bites you.
* * * LOW HITPOINT WARNING * * *
You are more poisoned.
The adder poisons you! The adder bites you.
* * * LOW HITPOINT WARNING * * *
The adder barely misses you. You block the adder's attack.
You puncture the adder! Your bite misses the adder.
The adder is severely wounded.
* * * LOW HITPOINT WARNING * * *
You feel sick. The adder bites you but does no damage.
You block the adder's attack.
You hit the adder but do no damage.
The adder is severely wounded.
* * * LOW HITPOINT WARNING * * *
You feel sick. The adder bites you but does no damage.
You block the adder's attack. The adder bites you but does no damage.
You hit the adder.
You kill the adder!
* * * LOW HITPOINT WARNING * * *
You feel sick. The adder bites you but does no damage.
You hit the adder. You bite the adder, but do no damage.
The adder is severely wounded.
* * * LOW HITPOINT WARNING * * *
You feel sick. The adder bites you.
* * * LOW HITPOINT WARNING * * *
The adder closely misses you.
Unknown command.
You feel very mighty all of a sudden.
You die...

...............##..
.......|...............#
.......................#
..#...#.###............#
..#...#)...............#
......##...............#...
.......#.#.............#....
......†......####†..........
...............S@...........
####..........###...#.......
............................
............................ ..
...............................
.....####............#######.....
...######+####...................
........... #.................#.
........... ...................#.


You could see an adder.

Vanquished Creatures
  3 adders (D:2)
  A bat (D:1)
  2 giant cockroaches (D:1)
  2 hobgoblins (D:1)
  3 jackals (D:1)
  A quokka (D:1)
  2 ball pythons (D:2)
  2 goblins (D:1)
  4 kobolds
  5 rats
25 creatures vanquished.

Notes
Turn   | Place    | Note
-------+----------+-------------------------------------------
     0 | D:1      | KamiKatze the Vine Stalker Fighter began the quest for the
                  | Orb.
     0 | D:1      | Reached XP level 1. HP: 11/11 MP: 2/2
   100 | D:1      | Found a faded altar of an unknown god.
   400 | D:1      | Reached XP level 2. HP: 13/16 MP: 0/3
   919 | D:2      | Reached XP level 3. HP: 19/20 MP: 4/4
  1027 | D:2      | HP: 1/20 [adder (1)]
  1028 | D:2      | Succumbed to an adder's poison

Illustrated notes

Levels and vault maps discovered:
D:1:      wander_arrival_abandoned_jail, layout_loops_ring,
          hellmonk_ecumenical_altar_leap_of_faith
D:2:      layout_basic

Skill      XL: |  1  2 |
---------------+-------+-----
Short Blades   | 2 |  2.8
Fighting       | 3 |  3.1
Shields        | 3 |  3.1
Armour         | |  2.4

Action                   || total
-------------------------++-------
Melee: Rapier            ||    78
       Bite              ||    16
  Use: Potion            ||     1
Armor: Ring mail         ||    27
Dodge: Dodged            ||    36
Block: Buckler           ||    16
